 Dungeon Crawl Stone Soup version 0.29.0-15-g675c0067aa (webtiles) character file.

Game seed: 1185859439775368709

28 qw the Sneak (level 3, -3/23 HPs)
             Began as a Gargoyle Delver on Sept 11, 2022.
             Slain by an iguana (5 damage)
             ... on level 5 of the Dungeon.
             The game lasted 00:00:03 (114 turns).

qw the Sneak (Gargoyle Delver)                       Turns: 114, Time: 00:00:04

Health: -3/23      AC:  6    Str: 17    XL:     3   Next: 12%
Magic:  3/3        EV: 11    Int: 10    God:
Gold:   9          SH:  0    Dex: 11    Spells: 2/2 levels left

rFire   . . .      SeeInvis .   a - +0 hand axe
rCold   . . .      Faith    .   (no shield)
rNeg    + . .      Spirit   .   b - +0 leather armour
rPois   inf        Reflect  .   (no helmet)
rElec   +          Harm     .   (no cloak)
rCorr   .          Rampage  .   (no gloves)
Will    .....                   (no boots)
Stlth   +++.......              (no amulet)
HPRegen 0.07/turn               (no ring)
MPRegen 0.08/turn               (no ring)

@: no status effects
A: sickness immunity, AC +3, negative energy resistance 1, electricity
resistance, torment resistance 1, petrification resistance
a: no special abilities


You were on level 5 of the Dungeon.
You visited 1 branch of the dungeon, and saw 1 of its levels.

You collected 9 gold pieces.


Innate Abilities, Weirdness & Mutations

You are immune to sickness and miasma.
Your stone body is resilient. (AC +3)
You are immune to poison.
You resist negative energy. (rN+)
You are resistant to electric shocks. (rElec)
You are resistant to unholy torment.
You are immune to petrification.


   Skills:
 - Level 3.2 Fighting
 + Level 3.2 Axes
 - Level 1.5 Dodging
 - Level 5.4 Stealth


You had 2 spell levels left.
You didn't know any spells.
Your spell library was empty.

Inventory:

Hand Weapons
 a - a +0 hand axe (weapon)
Armour
 b - a +0 leather armour (worn)
 h - a +0 ring mail
Wands
 g - a wand of digging (3)
Scrolls
 c - a scroll of fog
 d - a scroll of magic mapping
 e - a scroll of fear
 i - a scroll of acquirement {unknown}
Potions
 f - a potion of haste

Dungeon Overview and Level Annotations

Branches:
Dungeon (5/15)
 Temple: D:4-7

Altars:

Shops:
D:5 !


Message History

Your Axes skill gained 2 levels and is now at level 3!
You have reached level 2!
You have reached level 3!
Your experience leads to an increase in your attributes!
Increase (S)trength, (I)ntelligence, or (D)exterity?
You feel stronger. x2
You hit the phantom.
The phantom is lightly damaged.
You hit the iguana but do no damage. The phantom hits you.
The iguana barely misses you.
You hit the phantom.
The phantom is moderately damaged.
You hit the iguana but do no damage. The iguana bites you!
The phantom barely misses you.
You slash the phantom!
The phantom is heavily damaged.
You hit the iguana but do no damage.
The phantom hits you but does no damage.
The iguana bites you!
You hit the phantom.
The phantom is severely damaged.
You closely miss the iguana. The phantom closely misses you.
The iguana hisses menacingly.
The iguana misses you.
You closely miss the phantom.
The phantom is severely damaged.
You hit the iguana. The phantom misses you. The iguana barely misses you.
You hit the phantom but do no damage.
The phantom is severely damaged.
You hit the iguana but do no damage.
The phantom hits you but does no damage.
The iguana barely misses you. The phantom barely misses you.
The iguana closely misses you.
You hit the phantom but do no damage.
The phantom is severely damaged.
You closely miss the iguana.
The phantom hits you but does no damage.
The iguana bites you.
You die...

#.........# #. #..#
#...#.#.#.#.... ..#
####.........#.#.# .#
##.>#..............
#...............#.#
##..................
##................#.#
#.............%......
#............@l...#.#
#
..............W..?...
....####
..............#######
#.....
............###
#.....##
.......#.#..# ..... #
.......#.#...# ....
#...<..#.##### ...
#).....#.. ..
##.....### .


You could see a phantom and an iguana.

Vanquished Creatures
  A hound (D:5)
1 creature vanquished.

Notes
Turn   | Place    | Note
-------+----------+-------------------------------------------
     0 | D:5      | qw the Gargoyle Delver began the quest for the Orb.
     0 | D:5      | Reached XP level 1. HP: 14/14 MP: 1/1
     0 | D:5      | 0 ||| qw: Version: 0.1-a-118-gb4e7ce6
     0 | D:5      | 0 ||| qw: Game counter: 10531
     0 | D:5      | 0 ||| qw: Always use a shield: true
     0 | D:5      | 0 ||| qw: God list: Okawaru
     0 | D:5      | 0 ||| qw: Allow faded altars: false
     0 | D:5      | 0 ||| qw: Do Orc after D:15 true
     0 | D:5      | 0 ||| qw: Do second Lair branch before Depths: true
     0 | D:5      | 0 ||| qw: Lair rune preference: random
     0 | D:5      | 0 ||| qw: Plans: Normal
     0 | D:5      | 0 ||| PLANNING D:1-11
    29 | D:5      | Found Levousio's Distillery.
    38 | D:5      | 38 ||| SHOPLISTING potion of cancellation (104 gold, have
                  | 0).
    38 | D:5      | 38 ||| SHOPLISTING potion of curing (39 gold, have 0).
    38 | D:5      | 38 ||| SHOPLISTING potion of heal wounds (65 gold, have 0).
    38 | D:5      | 38 ||| SHOPLISTING potion of mutation (104 gold, have 0).
    89 | D:5      | Noticed a hound
    99 | D:5      | Noticed an iguana
   100 | D:5      | Noticed a phantom
   107 | D:5      | Killed a hound
   108 | D:5      | Reached skill level 3 in Axes
   108 | D:5      | Reached XP level 2. HP: 14/19 MP: 2/2
   108 | D:5      | Reached XP level 3. HP: 17/23 MP: 3/3
   110 | D:5      | HP: 2/23 [iguana (7)]
   114 | D:5      | Slain by an iguana

Levels and vault maps discovered:
D:5:      layout_cave_pods, serial_shops, shop_statue,
          nicolae_shop_bloodbath_and_beyond, nicolae_shop_waterfront,
          nicolae_shop_behind_doors, serial_co_window_serial, co_window_paths_b,
          co_window_corner_a, co_window_corner_a, co_window_paths_a,
          co_window_corner_a, co_window_cross_4, co_window_corner_b,
          co_window_broadway_b, co_window_of_opportunity_b, co_window_corner_cb,
          co_window_paths_e, glass_columns_b, glass_columns_c, uniq_grinder

Skill      XL: |  1 |
---------------+----+-----
Axes           | 3 |  3.2
Fighting       | |  3.2
Dodging        | |  1.5
Stealth        | |  5.4

Action                   || total
-------------------------++-------
Melee: Hand axe          ||    14
Armor: Leather armour    ||     5
Dodge: Dodged            ||    22

Table legend:
 A = Non-vault XP
 B = Vault XP
 C = Vault XP percentage of total XP
 D = Non-vault monster count
 E = Vault monster count
 F = Vault count percentage of total count
                 A         B        C        D         E       F
            +---------+---------+-------+---------+---------+-------
      Total |      40 |       0 |   0.0 |       1 |       0 |   0.0
            +---------+---------+-------+---------+---------+-------
        D:5 |      40 |       0 |   0.0 |       1 |       0 |   0.0
            +---------+---------+-------+---------+---------+-------
